 Dungeon Crawl Stone Soup version 0.32-a0-975-g85d4e5bfdb (webtiles) character file.

Game seed: 15888448421076931527

778 Fodor the Chopper (level 7, 0/60 HPs)
             Began as a Minotaur Fighter on Apr 19, 2024.
             Was an Initiate of Gozag.
             Slain by a gnoll
             ... wielding a +0 flail
             ... led by a gnoll bouda
              (5 damage)
             ... on level 4 of the Dungeon.
             The game lasted 00:12:27 (4304 turns).

Fodor the Chopper (Minotaur Fighter)                Turns: 4304, Time: 00:12:27

Health: 0/60       AC: 10    Str: 23    XL:     7   Next: 54%
Magic:  6/6        EV:  7    Int:  5    God:    Gozag
Gold:   166        SH:  4    Dex:  9    Spells: 6/6 levels left

rFire   . . .        a - +0 war axe
rCold   . . .        c - +0 buckler
rNeg    . . .        B - +0 chain mail
rPois   .            (helmet currently unavailable)
rElec   .            (cloak currently unavailable)
rCorr   .            (gloves currently unavailable)
SInv    .            (boots currently unavailable)
Will    +....        (no amulet) Stlth
                     m - ring of willpower
HPRegen 0.30/turn    (no ring)
MPRegen 0.10/turn

%: no passive effects
@: beast-form
A: beast (slay +1), horns 2, retaliatory headbutt
a: Begin Untransformation, Renounce Religion, Potion Petition, Call Merchant,
Bribe Branch


You were on level 4 of the Dungeon.
You worshipped Gozag.
Gozag was aware of your devotion.
You were a hulking beast.
You visited 2 branches of the dungeon, and saw 6 of its levels.
You also visited: Sewer.

You collected 201 gold pieces.
You paid 35 gold pieces to Gozag.

Inventory:

Hand Weapons
 a - a +0 war axe (weapon)
Missiles
 A - a throwing net (quivered)
Armour
 c - a +0 buckler (worn)
 n - a +1 pair of gloves
 B - a +0 chain mail (worn)
Jewellery
 m - a ring of willpower (left hand)
 z - an amulet of faith
Talismans
 k - a beast talisman (active)
Wands
 q - a wand of charming (4)
Scrolls
 b - 2 scrolls of enchant weapon
 e - 2 scrolls of revelation
 f - a scroll of fog
 l - a scroll of silence {unknown}
 o - a scroll of torment {unknown}
 p - 3 scrolls of enchant armour
 r - a scroll of amnesia {unknown}
 v - a scroll of noise {unknown}
 w - a scroll of immolation {unknown}
 y - a scroll of poison {unknown}
Potions
 d - 2 potions of might
 g - a potion of brilliance {unknown}
 i - 2 potions of degeneration {unknown}
 j - a potion of heal wounds {unknown}
 s - 2 potions of magic {unknown}
 t - a potion of haste {unknown}
 u - 9 potions of invisibility {unknown}
 x - 2 potions of curing {unknown}


   Skills:
 + Level 4.7 Fighting
 + Level 6.4 Axes
 + Level 2.2 Throwing
 + Level 6.0 Armour
 + Level 1.3 Dodging
 + Level 4.5 Shields
 + Level 1.9 Shapeshifting


You had 6 spell levels left.
You didn't know any spells.
Your spell library contained the following spells:

 Spells                   Type           Power      Damage    Failure   Level
 Apportation              Tloc           0%         N/A       98%         1
 Necrotise                Necr           0%         1d4       98%         1
 Sandblast                Erth           0%         2d4       98%         1
 Sting                    Conj/Alch      0%         1d3       98%         1
 Summon Small Mammal      Summ           0%         N/A       98%         1
 Passwall                 Erth           0%         N/A       100%        3
 Stone Arrow              Conj/Erth      0%         3d7       100%        3


Dungeon Overview and Level Annotations

Branches:
Dungeon (5/15)             Temple (1/1) D:4           Sewer (visited)

Altars:
Ashenzari
Cheibriados
Dithmenos
Fedhas
Gozag
Hepliaklqana
Kikubaaqudgha
Makhleb
Nemelex Xobeh
Okawaru
Qazlal
Ru
Trog
Uskayaw
Xom
Yredelemnul

Shops:
D:3 (


Innate Abilities, Weirdness & Mutations

You are a hulking beast.
Your limbs bulge with bestial killing power. (Slay +1)
You have a pair of horns on your head.
You reflexively headbutt those who attack you in melee.


Message History

The gnoll hits you from afar with a +0 halberd!
You slash the gnoll!
The gnoll is severely wounded.
You closely miss the gnoll bouda.
The gnoll bouda hits you with a +0 club.
The gnoll barely misses you.
The gnoll hits you from afar with a +0 halberd.
The gnoll hits you with a +0 club.
The gnoll bouda hits you but does no damage.
The gnoll hits you but does no damage. The gnoll attacks as it pursues you!
The gnoll hits you from afar with a +0 halberd.
The gnoll bouda hits you with a +0 club.
* * * LOW HITPOINT WARNING * * *
The gnoll attacks as it pursues you! The gnoll closely misses you.
The gnoll is distracted by your dazzling golden aura.
The gnoll bouda barely misses you. The gnoll barely misses you.
The gnoll hits you from afar with a +0 halberd!
* * * LOW HITPOINT WARNING * * *
The gnoll is no longer distracted by gold.
The gnoll bouda barks out a call to the hunt!
The gnoll picks up the pace!
The gnoll closely misses you. The gnoll attacks as it pursues you!
The gnoll hits you from afar with a +0 halberd.
* * * LOW HITPOINT WARNING * * *
The gnoll bouda calls upon its god to heal the gnoll.
The gnoll is healed somewhat.
There is a stone staircase leading up here.
The gnoll hits you but does no damage.
The gnoll hits you from afar with a +0 halberd.
* * * LOW HITPOINT WARNING * * *
You climb upwards.
Your attacks no longer feel as feeble.
There is a stone staircase leading down here.
You hit the gnoll.
The gnoll is severely wounded.
The gnoll hits you with a +0 flail.
You die...
Your body crumbles into a pile of gold.

~≈≈≈~~~~≈~≈≈≈≈≈≈≈≈≈≈≈≈≈≈≈ #...
~≈..~~~~..~≈P~≈≈≈≈≈≈≈≈≈≈# #...
~..~.....~~~..P~P.####### #...
.....###[÷.............#######...
..#### #÷######.....#..##......##
#.# #..# #.......####.....#. #.#
##.#####......## #.....#. #.#
#............### ##....'. #.#
######..hg.....####....'. #+###
#...........###...'. ....####
#........##...#####. ⌠.⌠.#..###
##......#####...###. .>..'....##
##....## ####..## ⌠.⌠.#.....#
##....# ###.. ....#.....# #....##
#.. #'###.....# ###### ##..
..........# _## _ #...


You could see a gnoll (swift).

Vanquished Creatures
  A water moccasin (D:3)
  2 brain worms (Sewer)
  A scorpion (D:4)
  A hound (D:4)
  A jelly (D:4)
  3 orc priests
  3 orc wizards
  Jessica (D:2)
  4 gnolls
  3 river rats
  7 adders
  A white imp (D:5)
  4 dart slugs
  8 orcs
  4 bats
  7 endoplasms
  3 giant cockroaches
  4 goblins
  7 hobgoblins
  6 jackals
  6 kobolds
  A quokka (D:1)
  11 ball pythons
  10 frilled lizards
  9 rats
108 creatures vanquished.

Notes
Turn   | Place    | Note
-------+----------+-------------------------------------------
     0 | D:1      | Fodor the Minotaur Fighter began the quest for the Orb.
     0 | D:1      | Reached XP level 1. HP: 19/19 MP: 0/0
   166 | D:1      | Reached XP level 2. HP: 23/27 MP: 1/1
   599 | D:2      | Reached XP level 3. HP: 30/33 MP: 2/2
   915 | D:2      | Noticed Jessica
   917 | D:2      | Killed Jessica
   918 | D:2      | Reached XP level 4. HP: 40/40 MP: 3/3
  1248 | D:3      | Found a glowing drain.
  1257 | Sewer    | Entered a sewer
  1327 | Sewer    | Noticed a brain worm
  1337 | Sewer    | Killed a brain worm
  1338 | Sewer    | Reached skill level 1 in Dodging
  1338 | Sewer    | Reached XP level 5. HP: 20/47 MP: 0/4
  1508 | Sewer    | Reached skill level 1 in Shapeshifting
  1646 | Sewer    | Reached skill level 5 in Axes
  1646 | Sewer    | Reached XP level 6. HP: 49/53 MP: 5/5
  1835 | D:3      | Noticed a water moccasin
  1844 | D:3      | Killed a water moccasin
  1845 | D:3      | Reached skill level 1 in Throwing
  1845 | D:3      | Reached skill level 5 in Armour
  2105 | D:3      | Found Uheer's Antique Weapon Boutique.
  2506 | D:4      | Found a shimmering altar of Xom.
  2558 | D:4      | Reached XP level 7. HP: 11/60 MP: 6/6
  3054 | D:4      | Found a staircase to the Ecumenical Temple.
  3061 | Temple   | Entered the Ecumenical Temple
  3074 | Temple   | Became a worshipper of Gozag Ym Sagoz the Greedy
  3505 | D:4      | Found a sacrificial altar of Ru.
  3507 | D:4      | Found a blossoming altar of Fedhas.
  3745 | D:4      | Found a hide-covered altar of Uskayaw.
  3995 | D:4      | Found a stormy altar of Qazlal.
  3995 | D:4      | Found a snail-covered altar of Cheibriados.
  4169 | D:5      | Entered Level 5 of the Dungeon
  4304 | D:4      | Slain by a gnoll

Illustrated notes

Levels and vault maps discovered:
D:1:      hellmonk_arrival_library, layout_rooms
D:2:      layout_loops_ring, uniq_jessica
D:3:      layout_rooms, mainiacjoe_sewer_entry_somewhere_in_here_2,
          serial_shops, nicolae_shop_tiny_waterfront, grunt_decor_one_mirror,
          minmay_between
D:4:      layout_cave_pods, mainiacjoe_overflow_alcove_4, lemuel_tele_altar,
          nicolae_overflow_hidden_temple, minmay_temple_entry_hall,
          chequers_big_river, kennysheep_small_spiral
D:5:      layout_loops_cross, mainiacjoe_overflow_concentric_impassable,
          nicolae_tso_besieged_by_evil, nicolae_wu_jian_immortal_techniques,
          zin_angel, minmay_divided_ellipse
Temple:   hellmonk_temple_beads

Skill      XL: |  1  2  3  4  5  6  7 |
---------------+----------------------+-----
Fighting       | 4 |  4.7
Axes           | 3 4 5 6 |  6.4
Armour         | 4 5 6 |  6.0
Shields        | 4 |  4.5
Dodging        | 1 |  1.3
Shapeshifting  | 1 |  1.9
Throwing       | 2 |  2.2

Action                     |  1- 3 |  4- 6 |  7- 9 || total
---------------------------+-------+-------+-------++-------
  Melee: War axe           |    57 |   103 |    55 ||   215
         Headbutt          |     5 |    12 |     5 ||    22
  Throw: Boomerang         |     5 |    37 |       ||    42
         Throwing net      |       |     3 |     1 ||     4
    Use: Scroll            |       |       |     4 ||     4
 Armour: Scale mail        |    50 |    91 |    24 ||   165
         Chain mail        |       |       |    31 ||    31
  Dodge: Dodged            |    26 |    47 |    21 ||    94
  Block: Buckler           |    15 |    23 |    17 ||    55
   Form: Beast             |     2 |       |       ||     2
                           |     1 |       |       ||     1

Table legend: (Time is in decaauts)
 A = Elapsed time spent in this place.
 B = Non-inter-level travel time spent in this place.
 C = Inter-level travel time spent in this place.
 D = Time resting spent in this place.
 E = Time spent auto-exploring this place.
 F = Levels seen in this place.
 G = Mean time per level.
                   A        B        C        D        E       F      G
               +--------+--------+--------+--------+--------+-----+--------+
         Total |   4464 |   4396 |     68 |    661 |   2620 |   7 |  637.7 |
       Dungeon |   3404 |   3336 |     68 |    224 |   2194 |   5 |  680.8 |
        Temple |    426 |    426 |      0 |    400 |      0 |   1 |  426.0 |
         Sewer |    633 |    633 |      0 |     37 |    425 |   1 |  633.0 |
               +--------+--------+--------+--------+--------+-----+--------+

Top non-repeatable levels by time:
     D:4: 1295 daAuts
     D:2: 748 daAuts
     D:3: 731 daAuts
   Sewer: 633 daAuts
     D:1: 491 daAuts
  Temple: 426 daAuts
     D:5: 137 daAuts
